 Dungeon Crawl Stone Soup version 0.25.0-26-g0c896c7088 (webtiles) character file.

Game seed: 11553128295354267563

11 MisterFreud the Chiller (level 2, 0/24 HPs)
             Began as a Ghoul Ice Elementalist on July 1, 2020.
             Slain by an adder (5 damage)
             ... on level 2 of the Dungeon.
             The game lasted 00:01:19 (512 turns).

MisterFreud the Chiller (Ghoul Ice Elementalist)     Turns: 512, Time: 00:01:19

Health: 0/24       AC:  2    Str: 11    XL:     2   Next: 29%
Magic:  0/3        EV: 12    Int: 10    God:
Gold:   24         SH:  0    Dex:  9    Spells: 3/4 levels left

rFire    . . .     SeeInvis .   f - +0 club
rCold    + . .     Gourm    .   (no shield)
rNeg     + + +     Faith    .   a - +0 robe
rPois    ∞         Spirit   .   (no helmet)
rElec    .         Reflect  .   (no cloak)
rCorr    .         Harm     .   (no gloves)
MR       .....                  (no boots)
Stlth    ++........             (no amulet)
HPRegen  0.00/turn              (no ring)
MPRegen  0.08/turn              (no ring)

@: rotting
A: rotting body, claws 1, carnivore, cold resistance 1, negative energy
resistance 3, inhibited regeneration, torment resistance, unbreathing
a: no special abilities


You were on level 2 of the Dungeon.
You were not hungry.

You visited 1 branch of the dungeon, and saw 2 of its levels.

You collected 24 gold pieces.

Inventory:

Hand Weapons
 f - a +0 club (weapon)
Armour
 a - a +0 robe (worn)
Scrolls
 e - a scroll of enchant armour {unknown}
Potions
 b - a potion of haste {unknown}
Comestibles
 c - 2 rations
 d - a chunk of flesh


   Skills:
 + Level 2.1 Fighting
 - Level 1.7 Dodging
 - Level 2.1 Stealth
 - Level 1.7 Spellcasting
 - Level 4.3 Ice Magic


You had 3 spell levels left.
You knew the following spells:

 Your Spells              Type           Power        Failure   Level  Hunger
a - Freeze                Ice            #...         5%          1    ##.....

Your spell library contained the following spells:

 Spells                   Type           Power        Failure   Level  Hunger
 Frozen Ramparts          Ice            #.....       16%         3    ####...
 Ozocubu's Armour         Chrm/Ice       #.......     36%         3    ####...
 Hailstorm                Conj/Ice       #.......     78%         4    #####..
 Summon Ice Beast         Ice/Summ       #.......     78%         4    #####..


Dungeon Overview and Level Annotations

Branches:
Dungeon (1/15)

Altars:


Innate Abilities, Weirdness & Mutations

Your body is rotting away.
You thrive on raw meat.
You are immune to poison.
You have sharp fingernails.
You are carnivorous and can eat meat at any time.
Your flesh is cold resistant. (rC+)
You are immune to negative energy. (rN+++)
You do not regenerate when monsters are visible.
You are immune to unholy pain and torment.
You can survive without breathing.


Message History

Press: ? - help, Shift-Dir - straight line, f/p - adder
Aim: an adder (heavily wounded)
You freeze the adder.
The adder is severely wounded.
The adder seems to slow down.
The adder barely misses you.
You barely miss the adder.
The adder is severely wounded.
The adder is no longer moving slowly.
The adder bites you.
You miss the adder.
The adder is severely wounded.
The adder bites you. The adder barely misses you.
You miss the adder.
The adder is severely wounded.
The adder bites you. x2
You closely miss the adder.
The adder is heavily wounded.
The adder bites you.
* * * LOW HITPOINT WARNING * * *
The adder bites you.
You die...

###### #....# #....#
#....# #....# #....#
### #....# #.# .
#....######.#
...#####...w..S@...#
........%..#######.#
......>....#...[...#
......w....#.......#
.Z.........#.......#
...........#.......#
...........#.......#
...........#.......#
...........#########


You could see a worm and an adder.

Vanquished Creatures
  A dart slug (D:1)
  3 bats (D:1)
  2 hobgoblins (D:1)
  2 kobolds (D:1)
  2 rats (D:1)
10 creatures vanquished.

Notes
Turn   | Place    | Note
-------+----------+-------------------------------------------
     0 | D:1      | MisterFreud the Ghoul Ice Elementalist began the quest for
                  | the Orb.
     0 | D:1      | Reached XP level 1. HP: 14/14 MP: 2/2
    92 | D:1      | Reached skill level 1 in Fighting
   113 | D:1      | Reached XP level 2. HP: 21/24 MP: 0/3
   478 | D:1      | You fall into a shaft and drop 1 floor!
   512 | D:2      | Slain by an adder

Illustrated notes

Levels and vault maps discovered:
D:1:      onia_arrival_mini_spirals, layout_loops_ring
D:2:      layout_basic, serial_undead, serial_undead_a, serial_undead_e,
          serial_undead_b, serial_undead_f, minmay_worlds_worst_comb

Skill      XL: |  1  2 |
---------------+-------+-----
Fighting       | 1 2 |  2.1
Dodging        | |  1.7
Stealth        | |  2.1
Spellcasting   | |  1.7
Ice Magic      | |  4.3

Action                   || total
-------------------------++-------
Melee: Unarmed           ||    11
       Club              ||    13
 Cast: Freeze            ||    14
 Stab: Sleeping          ||     1
  Eat: Chunk             ||     1
Armor: Robe              ||     8
Dodge: Dodged            ||    39
